 Dungeon Crawl Stone Soup version 0.29-a0-1027-gcd8c55af63 (webtiles) character file.

Game seed: 13226579025857316607

324 jt the Magician (level 6, 0/51 HPs)
             Began as a Naga Hedge Wizard on Aug 13, 2022.
             Was a Believer of Cheibriados.
             Slain by Crazy Yiuf
             ... wielding a +3 quarterstaff of chaos
              (3 damage)
             ... on level 4 of the Dungeon.
             The game lasted 00:06:39 (2630 turns).

jt the Magician (Naga Hedge Wizard)                 Turns: 2630, Time: 00:06:43

Health: 0/51       AC:  7    Str: 17    XL:     6   Next: 48%
Magic:  5/12       EV:  8    Int: 22    God:    Cheibriados [**....]
Gold:   129        SH:  0    Dex: 13    Spells: 8/13 levels left

rFire   . . .      SeeInvis +   a - +0 hand axe
rCold   . . .      Faith    .   (no shield)
rNeg    . . .      Spirit   .   b - +0 robe
rPois   +          Reflect  .   c - +0 hat
rElec   +          Harm     .   (no cloak)
rCorr   .          Rampage  .   (no gloves)
Will    .....                   r - +0 barding
Stlth   ++........              (no amulet)
HPRegen 0.17/turn               (no ring)
MPRegen 0.13/turn               (no ring)

@: short of breath, unable to drink, very slow
A: AC +2, large, see invisible, deformed body, poison resistance, slowness 2,
spit poison 1, naga tail 1, clumsy 1, mutation resistance 1, electricity
resistance, inability to drink while threatened 1
a: Spit Poison, Renounce Religion, Bend Time


You were on level 4 of the Dungeon.
You worshipped Cheibriados.
Cheibriados was pleased with you.
You visited 1 branch of the dungeon, and saw 5 of its levels.

You collected 129 gold pieces.

Inventory:

Hand Weapons
 a - a +0 hand axe (weapon)
 h - a +0 short sword
 l - a +0 dagger
 m - a +0 vorpal sling
Missiles
 g - 20 stones
 y - 2 poisoned darts
Armour
 b - a +0 robe (worn)
 c - a +0 hat (worn)
 r - a +0 barding (worn)
 z - a +0 kite shield
Magical Staves
 v - a staff of poison
Scrolls
 o - a scroll of brand weapon {unknown}
 t - a scroll of noise {unknown}
 u - a scroll of enchant armour {unknown}
 w - a scroll of identify {unknown}
 A - a scroll of silence {unknown}
Potions
 d - a potion of magic
 q - a potion of haste {unknown}
 s - a potion of degeneration {unknown}
 x - a potion of heal wounds {unknown}


   Skills:
 + Level 1.3 Fighting
 + Level 1.0 Armour
 - Level 1.5 Dodging
 - Level 3.0 Stealth
 + Level 4.0 Spellcasting
 + Level 3.0 Conjurations
 + Level 2.9 Summonings
 + Level 2.9 Translocations


You had 8 spell levels left.
You knew the following spells:

 Your Spells              Type           Power      Damage    Failure   Level
a - Magic Dart            Conj           72%        1d6       3%          1
b - Blink                 Tloc           34%        N/A       4%          2
c - Call Imp              Summ           17%        N/A       4%          2

Your spell library contained the following spells:

 Spells                   Type           Power      Damage    Failure   Level
 Slow                     Hex            16%        N/A       11%         1
 Conjure Flame            Conj/Fire      11%        6-21      19%         3
 Mephitic Cloud           Conj/Pois/Air  8%         N/A       22%         3


Dungeon Overview and Level Annotations

Branches:
Dungeon (5/15)
 Temple: D:4-7

Altars:
Cheibriados
Dithmenos
Wu Jian
The Shining One

Annotations:
D:4 4 runed translucent doors, Crazy Yiuf, Eustachio


Innate Abilities, Weirdness & Mutations

Your serpentine skin is tough. (AC +2)
You have supernaturally acute eyesight. (SInv)
Armour fits poorly on your strangely shaped body.
Your system is resistant to poisons. (rPois)
You cover ground very slowly.
You can spit poison.
You have a snake-like lower body.
You are clumsy. (Dex -2)
You are somewhat resistant to further mutation.
You are resistant to electric shocks. (rElec)
You occasionally lose the ability to drink potions when taking damage.


Message History

Aim: a gnoll, wielding a +0 spear (ally target, 65% to hit)
The splash of poison hits the gnoll.
The gnoll is poisoned.
The gnoll is moderately wounded.
Your surroundings suddenly seem different.
Crazy Yiuf the Enlightened comes into view.
He is wielding a +3 quarterstaff of chaos.
Found a hammer.
Found a runed translucent door.
Crazy Yiuf shouts!
Crazy Yiuf hits you with a +3 quarterstaff of chaos!
You aren't carrying any items that you can evoke.
Press: ? - help, v - describe, . - travel
Here: Crazy Yiuf, wielding a +3 quarterstaff of chaos and wearing a +0 cloak The floor.
Press: ? - help, v - describe, . - travel
Here: Crazy Yiuf, wielding a +3 quarterstaff of chaos and wearing a +0 cloak The floor.
You aren't carrying any items that you can evoke.
Casting: Magic Dart (safe; 3% risk of failure)
Confirm with . or Enter, or press ? or * to list all spells.
Okay, then.
Okay, then.
As you read the scroll labelled OSMETR CIUCKIA, it crumbles to dust.
It is a scroll of amnesia.
Really abort (and waste the scroll)?
Okay, then.
Crazy Yiuf hits you with a +3 quarterstaff of chaos!
* * * LOW HITPOINT WARNING * * *
You feel your power leaking away.
You can't do that yet.
Unknown command.
Press: ? - help, v - describe, . - travel
Here: Crazy Yiuf, wielding a +3 quarterstaff of chaos and wearing a +0 cloak The floor.
It was a potion of mutation.
You feel extremely strange.
You occasionally lose the ability to drink potions when threatened.
You feel insulated.
You feel clumsy.
You feel genetically stable.
Crazy Yiuf hits you with a +3 quarterstaff of chaos!
You feel threatened and lose the ability to drink potions!
* * * LOW HITPOINT WARNING * * *
Crazy Yiuf burns you.
You die...

...................#.#
#...................#..
##..##....)..........##.
#.. #.................
## ######.....#....##
#....###...# ##..## ...
##### #### #..@# #.+..g#
###..)# #####


You could see Crazy Yiuf.

Vanquished Creatures
  An ice beast (D:3)
  A phantom (D:4)
  A hound (D:4)
  An iguana (D:5)
  3 adders
  A white imp (D:4)
  A worm (D:4)
  An orc (D:5)
  7 ball pythons
  5 endoplasms
  A goblin (D:4)
  2 hobgoblins
  4 kobolds (D:1)
  A quokka (D:1)
  A bat (D:3)
  A frilled lizard (D:1)
  3 rats
35 creatures vanquished.

Vanquished Creatures (collateral kills)
  A hound (D:4)
  An orc (D:5)
  An endoplasm (D:4)
3 creatures vanquished.

Grand Total: 38 creatures vanquished

Notes
Turn   | Place    | Note
-------+----------+-------------------------------------------
     0 | D:1      | jt the Naga Hedge Wizard began the quest for the Orb.
     0 | D:1      | Reached XP level 1. HP: 15/15 MP: 4/4
   101 | D:1      | Found a faded altar of an unknown god.
   173 | D:1      | Prayed at the altar of an unknown god.
   173 | D:1      | Became a worshipper of Cheibriados the Contemplative
   173 | D:1      | Reached * piety under Cheibriados
   332 | D:1      | Reached XP level 2. HP: 22/22 MP: 4/6
  1060 | D:2      | Learned a level 2 spell: Blink
  1063 | D:2      | Learned a level 2 spell: Call Imp
  1084 | D:2      | Found a shadowy altar of Dithmenos.
  1100 | D:2      | Reached XP level 3. HP: 28/28 MP: 3/7
  1785 | D:3      | Noticed an ice beast
  1786 | D:3      | Reached ** piety under Cheibriados
  1858 | D:3      | Killed an ice beast
  1859 | D:3      | Reached XP level 4. HP: 8/36 MP: 6/9
  1859 | D:3      | Reached XP level 5. HP: 9/42 MP: 6/10
  2161 | D:3      | Found a glowing golden altar of the Shining One.
  2192 | D:3      | You fall into a shaft and drop 2 floors!
  2192 | D:5      | Entered Level 5 of the Dungeon
  2424 | D:4      | Noticed a phantom
  2445 | D:4      | Killed a phantom
  2446 | D:4      | Reached skill level 1 in Fighting
  2446 | D:4      | Reached XP level 6. HP: 26/51 MP: 1/11
  2595 | D:4      | Found a runed translucent gate.
  2595 | D:4      | Found a runed translucent gate.
  2596 | D:4      | Found a runed translucent gate.
  2609 | D:4      | Found an ornate altar of the Wu Jian Council.
  2618 | D:4      | Noticed Eustachio
  2628 | D:4      | Reached skill level 1 in Armour
  2628 | D:4      | Reached skill level 4 in Spellcasting
  2628 | D:4      | Found a runed translucent door.
  2628 | D:4      | Noticed Crazy Yiuf
  2630 | D:4      | Gained mutation: You occasionally lose the ability to drink
                  | potions when taking damage. [potion of mutation]
  2630 | D:4      | Gained mutation: You are resistant to electric shocks.
                  | (rElec) [potion of mutation]
  2630 | D:4      | Gained mutation: You are clumsy. (Dex -2) [potion of
                  | mutation]
  2630 | D:4      | Gained mutation: You are somewhat resistant to further
                  | mutation. [potion of mutation]
  2630 | D:4      | Slain by Crazy Yiuf

Illustrated notes

Levels and vault maps discovered:
D:1:      dpeg_arrival_three_smaller_balls, layout_loops_ring,
          chequers_ecumenical_altar_island
D:2:      layout_loops_ring, basic_altar, nrook_mini_backslash,
          grunt_ministairs_3
D:3:      layout_basic, tso_metal_star
D:4:      layout_cave_pools, nicolae_ru_sacrificial_ziggurat,
          lemuel_crystal_altar, minmay_temple_entry_slanted,
          gammafunk_ghost_icy, uniq_eustachio, uniq_sigmund,
          uniq_crazy_yiuf_cottage
D:5:      layout_layer_cave, grunt_temple_overflow_order_and_chaos_2

Skill      XL: |  1  2  3  4  5  6 |
---------------+-------------------+-----
Conjurations   | 2 3 |  3.0
Summonings     | 2 |  2.9
Translocations | 2 |  2.9
Fighting       | 1 |  1.3
Armour         | 1 |  1.0
Spellcasting   | 4 |  4.0
Dodging        | |  1.5
Stealth        | |  3.0

Action                   |  1- 3 |  4- 6 || total
-------------------------+-------+-------++-------
Melee: Dagger            |     2 |       ||     2
       Short sword       |     2 |       ||     2
       Hand axe          |    11 |     7 ||    18
       Staff             |    24 |    32 ||    56
       Punch             |       |     1 ||     1
 Fire: Sling             |       |     2 ||     2
 Cast: Magic Dart        |    35 |    14 ||    49
       Blink             |     1 |     2 ||     3
       Call Imp          |       |     3 ||     3
Invok: Bend Time         |       |     1 ||     1
 Abil: Spit Poison       |    14 |    11 ||    25
  Use: Potion            |     1 |     3 ||     4
       Scroll            |     1 |     3 ||     4
 Stab: Sleeping          |       |     1 ||     1
Armor: Robe              |    24 |    17 ||    41
       Skin              |       |    23 ||    23
Dodge: Dodged            |    22 |    16 ||    38

Table legend: (Time is in decaauts)
 A = Elapsed time spent in this place.
 B = Non-inter-level travel time spent in this place.
 C = Inter-level travel time spent in this place.
 D = Time resting spent in this place.
 E = Time spent auto-exploring this place.
 F = Levels seen in this place.
 G = Mean time per level.
                   A        B        C        D        E       F      G
               +--------+--------+--------+--------+--------+-----+--------+
         Total |   3948 |   3780 |    168 |    752 |   2217 |   5 |  789.6 |
       Dungeon |   3948 |   3780 |    168 |    752 |   2217 |   5 |  789.6 |
               +--------+--------+--------+--------+--------+-----+--------+

Top non-repeatable levels by time:
     D:2: 1665 daAuts
     D:1: 1557 daAuts
     D:4: 299 daAuts
     D:3: 222 daAuts
     D:5: 204 daAuts
